 Dungeon Crawl Stone Soup version 0.28-a0-1339-ga5422284a4 (webtiles) character file.

Game seed: 10136441283268298100

118 Foxy the Chopper (level 4, 0/35 HPs)
             Began as a Demonspawn Gladiator on Dec 28, 2021.
             Slain by an adder (3 damage)
             ... on level 2 of the Dungeon.
             The game lasted 00:03:46 (2756 turns).

Foxy the Chopper (Demonspawn Gladiator)             Turns: 2756, Time: 00:03:47

Health: 0/35       AC:  5    Str: 16 (17) XL:     4   Next: 72%
Magic:  4/4        EV: 12    Int: 10 (11) God:
Gold:   77         SH:  0    Dex: 12 (14) Spells: 3/3 levels left

rFire   . . .      SeeInvis .   a - +0 war axe
rCold   . . .      Faith    .   (no shield)
rNeg    . . .      Spirit   .   b - +0 leather armour
rPois   +          Reflect  .   c - +0 helmet
rElec   .          Harm     .   (no cloak)
rCorr   .          Rampage  .   (no gloves)
Will    +....                   k - +0 pair of boots
Stlth   +.........              (no amulet)
HPRegen 0.11/turn               e - ring of willpower
MPRegen 0.09/turn               f - ring of poison resistance

@: brilliant
A: big brain 1
a: no special abilities


You were on level 2 of the Dungeon.
You visited 1 branch of the dungeon, and saw 3 of its levels.

You collected 77 gold pieces.

Inventory:

Hand Weapons
 a - a +0 war axe (weapon)
Missiles
 d - 3 throwing nets (quivered)
Armour
 b - a +0 leather armour (worn)
 c - a +0 helmet (worn)
 k - a +0 pair of boots (worn)
Jewellery
 e - a ring of willpower (left hand)
 f - a ring of poison resistance (right hand)
Scrolls
 g - 3 scrolls of identify {unknown}
 h - a scroll of teleportation {unknown}
 j - a scroll of noise {unknown}
 m - a scroll of blinking {unknown}
 o - a scroll of enchant armour {unknown}


   Skills:
 + Level 3.0 Fighting
 * Level 4.0 Axes
 - Level 1.7 Throwing
 + Level 3.3 Dodging


You had 3 spell levels left.
You didn't know any spells.
Your spell library contained the following spells:

 Spells                   Type           Power      Damage    Failure   Level
 Stone Arrow              Conj/Erth      0%         3d7       80%         3
 Animate Armour           Summ/Erth      0%         N/A       99%         4
 Lehudib's Crystal Spear  Conj/Erth      0%         10d2      100%        8


Dungeon Overview and Level Annotations

Branches:
Dungeon (3/15)

Altars:

Annotations:
D:2 Terence


Innate Abilities, Weirdness & Mutations

You have an unusually large brain. (Int +2)


Message History

Your +0 pair of boots unmelds from your body.
Your +0 leather armour unmelds from your body.
The adder bites you.
You barely miss the adder.
The adder is moderately wounded.
The adder bites you. The adder barely misses you.
You barely miss the adder.
The adder is moderately wounded.
The adder completely misses you. The adder bites you.
You are poisoned.
The adder poisons you!
You hit the adder.
The adder is severely wounded.
You feel sick. The adder completely misses you.
You miss the adder.
The adder is severely wounded.
You feel sick. The adder closely misses you. The adder bites you.
* * * LOW HITPOINT WARNING * * *
You are more poisoned.
The adder poisons you!
You barely miss the adder.
The adder is severely wounded.
You feel sick. The adder barely misses you.
The adder bites you but does no damage.
It was a potion of degeneration.
There was something very wrong with that liquid.
You feel weakened.
You feel dopey.
You feel clumsy.
You feel sick. The adder barely misses you.
It was a potion of brilliance.
You feel clever all of a sudden.
You feel sick. The adder bites you but does no damage.
You miss the adder.
The adder is severely wounded.
You feel sick. The adder closely misses you. x2
You hit the adder.
The adder is almost dead.
You feel sick.
You are no longer poisoned.
The adder bites you.
You die...

#####...######
#..
#..###.......#
#.. ...###......#
.. ...##......#
.. ...#......# #.
##..#......# #.
##..##......#
#.###...##......#
#.@SJ.......#####
#######.....#
#######


You could see an adder and an endoplasm.

Vanquished Creatures
  A hound (D:2)
  3 adders
  3 worms (D:2)
  6 ball pythons
  3 endoplasms
  4 goblins
  2 hobgoblins
  9 jackals
  4 quokkas
  3 bats
  4 frilled lizards
  6 kobolds
  4 rats
52 creatures vanquished.

Notes
Turn   | Place    | Note
-------+----------+-------------------------------------------
     0 | D:1      | Foxy the Demonspawn Gladiator began the quest for the Orb.
     0 | D:1      | Reached XP level 1. HP: 16/16 MP: 1/1
   414 | D:1      | Reached skill level 3 in Axes
   445 | D:1      | Gained mutation: You have an unusually large brain. (Int
                  | +2) [demonic ancestry]
   445 | D:1      | Reached XP level 2. HP: 18/22 MP: 2/2
  1218 | D:1      | Reached XP level 3. HP: 9/28 MP: 3/3
  1458 | D:2      | Found a faded altar of an unknown god.
  1486 | D:2      | Noticed Terence
  2502 | D:2      | Reached XP level 4. HP: 34/34 MP: 4/4
  2733 | D:2      | Reached skill level 4 in Axes
  2756 | D:2      | Slain by an adder

Illustrated notes

Levels and vault maps discovered:
D:1:      dpeg_arrival_stone_temple_mockup, layout_loops_ring
D:2:      minmay_chambers_of_twos, layout_basic,
          hellmonk_ecumenical_altar_zigzags, minmay_cupped, uniq_terence
D:3:      layout_loops_ring, minivault_24

Skill      XL: |  1  2  3  4 |
---------------+-------------+-----
Axes           | 3 4 |  4.0
Dodging        | 3 |  3.3
Fighting       | 3 |  3.0
Throwing       | |  1.7

Action                   |  1- 3 |  4- 6 || total
-------------------------+-------+-------++-------
Melee: War axe           |   133 |    40 ||   173
  Use: Potion            |       |     3 ||     3
Armor: Leather armour    |    61 |     3 ||    64
       Skin              |       |    18 ||    18
Dodge: Dodged            |   147 |    22 ||   169

Table legend: (Time is in decaauts)
 A = Elapsed time spent in this place.
 B = Non-inter-level travel time spent in this place.
 C = Inter-level travel time spent in this place.
 D = Time resting spent in this place.
 E = Time spent auto-exploring this place.
 F = Levels seen in this place.
 G = Mean time per level.
                   A        B        C        D        E       F      G
               +--------+--------+--------+--------+--------+-----+--------+
         Total |   2814 |   2759 |     55 |    654 |   1440 |   3 |  938.0 |
       Dungeon |   2814 |   2759 |     55 |    654 |   1440 |   3 |  938.0 |
               +--------+--------+--------+--------+--------+-----+--------+

Top non-repeatable levels by time:
     D:1: 1524 daAuts
     D:2: 1099 daAuts
     D:3: 190 daAuts
